Map: Mundo Adormecido LE

Players

Zmosho - Winner!

  • Race: Protoss Protoss
  • League: Silver
  • Spawn Location: 7:00

Ratl

  • Race: Protoss Protoss
  • League: Silver
  • Spawn Location: 1:00

VOD

Have the link to the VOD?

Description

Time

  • Played on: Feb. 9, 2020, 1:02 p.m.
  • Length: 11:08
Show
View Real Time Build Order
Export as new Build Order

Zmosho Protoss - Winner!

Build Orders:  

Get SALT Encoding   

  12  0:03  Probe  
  13  0:18  Pylon  
  13  0:20  Probe (Chrono Boost)  
  14  0:30  Probe (Chrono Boost)  
  14  0:35  Probe (Chrono Boost)  
  16  0:43  Gateway  
  16  0:47  Probe  
  17  0:51  Assimilator  
  17  0:59  Probe  
  18  1:13  Gateway  
  18  1:17  Probe  
  19  1:29  Probe  
  19  1:31  Cybernetics Core  
  20  1:36  Pylon  
  20  1:41  Gateway  
  20  1:50  Probe  
  21  1:55  Assimilator  
  21  2:10  Shield Battery  
  21  2:13  Probe  
  22  2:25  Probe  
  22  2:29  Stalker  
  25  2:30  Warp Gate (Chrono Boost), Stalker  
  25  2:31  Stalker  
  29  2:43  Probe  
  30  2:52  Gateway  
  30  3:27  Pylon  
  30  3:28  Pylon  
  30  3:32  Stalker  
  31  3:45  Stalker x2  
  33  4:11  Stalker  
  33  4:12  Stalker  
  37  4:30  Nexus  
  37  4:48  Zealot x2  
  37  4:49  Zealot x2  
  41  5:20  Pylon  
  41  5:23  Probe, Pylon  
  41  5:26  Zealot x2  
  46  5:42  Twilight Council  
  46  5:45  Probe  
  47  5:57  Probe  
  47  5:58  Probe  
  47  5:59  Stalker  
  47  6:00  Stalker x2  
  55  6:09  Shield Battery  
  55  6:45  Stalker x4  
  63  6:48  Charge (Chrono Boost)  
  63  6:59  Probe x2  
  65  7:03  Pylon  
  65  7:11  Probe x2  
  67  7:26  Robotics Facility  
  67  7:30  Stalker x4  
  75  7:40  Probe x2  
  77  7:57  Pylon  
  77  8:02  Forge  
  77  8:09  Dark Shrine  
  77  8:11  Blink (Chrono Boost)  
  77  8:17  Stalker x3  
  77  8:18  Stalker  
  85  8:25  Gateway  
  85  8:26  Gateway  
  85  8:27  Gateway  
  85  8:32  Gateway  
  85  8:42  Probe x2  
  85  8:43  Assimilator  
  85  8:45  Protoss Ground Weapons Level 1, Assimilator  
  87  9:02  Immortal  
  91  9:39  Nexus  
  91  9:41  Pylon  
  91  9:43  Pylon  
  91  9:57  Probe x2  
  93  10:09  Probe  
  60  10:51  Dark Templar x3  
  60  10:52  Dark Templar  
Show
View Real Time Build Order
Export as new Build Order

Ratl Protoss 

Build Orders:  

Get SALT Encoding   

  12  0:02  Probe  
  13  0:15  Probe  
  14  0:24  Pylon  
  14  0:27  Probe  
  15  0:42  Probe  
  16  0:52  Gateway  
  16  0:55  Probe  
  17  0:58  Assimilator  
  17  1:07  Probe  
  18  1:19  Probe  
  19  1:31  Probe  
  20  1:37  Gateway  
  20  1:54  Probe (Chrono Boost)  
  21  1:55  Assimilator  
  21  2:01  Cybernetics Core  
  21  2:04  Probe (Chrono Boost)  
  22  2:10  Probe  
  22  2:14  Nexus  
  23  2:29  Pylon  
  23  2:34  Warp Gate (Chrono Boost)  
  23  2:38  Pylon  
  23  2:47  Probe, Stalker x2  
  28  2:59  Probe  
  29  3:11  Probe, Robotics Facility  
  30  3:23  Probe  
  30  3:24  Stalker x2 (Chrono Boost)  
  30  3:25  Pylon  
  36  3:27  Probe  
  34  3:52  Stalker x2 (Chrono Boost)  
  38  4:00  Probe x2  
  38  4:14  Probe (Chrono Boost)  
  38  4:16  Probe (Chrono Boost)  
  41  4:24  Probe (Chrono Boost)  
  41  4:27  Probe (Chrono Boost)  
  41  4:29  Probe (Chrono Boost), Warp Prism  
  45  4:36  Probe  
  45  4:38  Pylon  
  46  4:40  Probe  
  44  4:48  Probe  
  44  4:50  Stalker x2  
  49  5:03  Cybernetics Core  
  49  5:05  Shield Battery  
  47  5:09  Stalker  
  47  5:20  Stalker  
  49  5:26  Probe (Chrono Boost)  
  49  5:28  Probe (Chrono Boost), Immortal  
  55  5:38  Probe (Chrono Boost)  
  55  5:39  Robotics Bay  
  57  5:43  Probe (Chrono Boost)  
  57  5:44  Probe (Chrono Boost)  
  57  5:46  Assimilator  
  57  5:49  Assimilator  
  58  5:50  Probe  
  58  5:52  Probe  
  60  5:59  Twilight Council  
  60  6:02  Pylon  
  60  6:13  Probe  
  60  6:14  Probe  
  62  6:21  Pylon, Immortal  
  66  6:25  Probe, Pylon  
  66  6:26  Probe  
  68  6:53  Probe x2  
  70  6:59  Nexus  
  70  7:05  Probe x2  
  72  7:16  Stargate x2  
  72  7:26  Stalker x2  
  76  7:33  Gateway x2  
  76  7:36  Pylon  
  76  7:38  Pylon  
  76  7:41  Gateway, Colossus (Chrono Boost)  
  76  7:45  Gateway  
  82  8:00  Probe  
  82  8:01  Probe  
  82  8:03  Void Ray (Chrono Boost)  
  82  8:04  Void Ray (Chrono Boost)  
  92  8:15  Probe x2 (Chrono Boost), Assimilator  
  92  8:18  Probe (Chrono Boost), Pylon  
  95  8:21  Assimilator  
  95  8:22  Pylon  
  97  8:29  Probe x2 (Chrono Boost)  
  97  8:30  Probe (Chrono Boost)  
  97  8:33  Forge  
  98  8:35  Forge, Extended Thermal Lance  
  98  8:37  Probe  
  98  8:38  Colossus (Chrono Boost)  
  98  8:41  Void Ray  
  105  8:47  Phoenix  
  111  9:20  Fleet Beacon  
  111  9:22  Void Ray  
  111  9:24  Colossus (Chrono Boost)  
  121  9:42  Void Ray  
  125  10:11  Void Ray  
  115  10:23  Stalker x3  
  115  10:24  Stalker x3  
  77  10:47  Stalker  
  77  10:48  Stalker x5  
Tags
 
Add a new tag
Caveats
  • Supply blocks, unpowered buildings, or Contaminate may cause inaccurate times.
  • Supply counts are checked every 10 seconds.